 Dungeon Crawl Stone Soup version 0.27-a0-1200-g94dc6ad4cf (webtiles) character file.

Game seed: 4174439224110693453

1234 Eryximachus the Zephyrmancer (level 8, -5/40 (41) HPs)
             Began as a Tengu Air Elementalist on June 1, 2021.
             Was an Initiate of Sif Muna.
             Slain by an orc warrior
             ... wielding a +0 long sword
              (13 damage)
             ... on level 6 of the Dungeon.
             The game lasted 00:15:29 (11638 turns).

Eryximachus the Zephyrmancer (TeAE)                Turns: 11638, Time: 00:15:30

HP:   -5/40 (41)    AC:  3    Str:  9    XL:     8   Next: 48%
MP:   7/15          EV: 17    Int: 17    God:    Sif Muna [......]
Gold: 336           SH:  0    Dex: 15    Spells: 4/15 levels left

rFire    . . .     SeeInvis .   B - +4 rapier
rCold    . . .     Faith    .   (no shield)
rNeg     . . .     Spirit   .   a - +0 robe
rPois    .         Reflect  .   (helmet restricted)
rElec    .         Harm     .   (no cloak)
rCorr    .         Rampage  .   l - +0 pair of gloves
Will     .....                  (boots unavailable)
Stlth    ++........             (no amulet)
HPRegen  0.13/turn              (no ring)
MPRegen  0.14/turn              (no ring)

@: flying quickly and evasively, lightly drained, quick
A: beak, talons 3, nimble flight
a: Renounce Religion


You were on level 6 of the Dungeon.
You worshipped Sif Muna.
Sif Muna was noncommittal.
You visited 2 branches of the dungeon, and saw 7 of its levels.
You also visited: Sewer.

You collected 336 gold pieces.

Inventory:

Hand Weapons
 B - a +4 rapier (weapon)
Missiles
 j - 8 atropa-tipped darts
 n - 6 poisoned darts (quivered)
 w - 3 throwing nets
Armour
 a - a +0 robe (worn)
 l - a +0 pair of gloves (worn)
 F - a +0 kite shield
Magical Staves
 v - a staff of death
Jewellery
 x - a +6 ring of dexterity
 y - a +6 ring of intelligence
 D - a +4 ring of protection
Wands
 m - a wand of digging (11)
 t - a wand of flame (33)
Scrolls
 b - 3 scrolls of enchant armour {unknown}
 d - a scroll of noise
 e - 4 scrolls of magic mapping
 f - 2 scrolls of identify {unknown}
 g - 2 scrolls of torment {unknown}
 h - 3 scrolls of teleportation {unknown}
 o - 2 scrolls of immolation {unknown}
 p - a scroll of fear {unknown}
 s - 3 scrolls of blinking {unknown}
 u - 2 scrolls of enchant weapon {unknown}
Potions
 c - 4 potions of curing
 i - a potion of haste {unknown}
 k - a potion of degeneration {unknown}
 q - 3 potions of heal wounds {unknown}
 r - 2 potions of lignification {unknown}
 z - a potion of cancellation {unknown}
 A - a potion of attraction {unknown}
 C - 2 potions of flight {unknown}
 E - a potion of mutation {unknown}


   Skills:
 - Level 5.0 Dodging
 - Level 2.0 Stealth
 + Level 4.0 Spellcasting
 - Level 5.0 Conjurations
 + Level 1.5 Summonings
 - Level 10.0 Air Magic


You had 4 spell levels left.
You knew the following spells:

 Your Spells              Type           Power      Damage    Failure   Level
a - Shock                 Conj/Air       100%       1d9       1%          1
b - Static Discharge      Conj/Air       28%        N/A       1%          2
c - Airstrike             Air            18%        N/A       2%          4
d - Summon Lightning Spi  Summ/Air       23%        N/A       14%         4

Your spell library contained the following spells:

 Spells                   Type           Power      Damage    Failure   Level
 Swiftness                Air            37%        N/A       1%          3
 Poisonous Vapours        Pois/Air       40%        N/A       3%          2
 Dispel Undead            Necr           3%         3d7       83%         4
 Lightning Bolt           Conj/Air       14%        1d27      21%         5
 Agony                    Necr           3%         N/A       99%         5


Dungeon Overview and Level Annotations

Branches:
Dungeon (6/15)             Temple (1/1) D:6           Sewer (visited)

Altars:
Ashenzari
Dithmenos
Elyvilon
Fedhas
Gozag
Kikubaaqudgha
Makhleb
Nemelex Xobeh
Okawaru
Qazlal
Ru
Sif Muna
Trog
Vehumet
Wu Jian
Xom
Yredelemnul
Zin
The Shining One

Annotations:
D:4 Sigmund


Innate Abilities, Weirdness & Mutations

You have a beak for a mouth.
You have claws for feet.
Your magical nature lets you fly swiftly and evasively.


Message History

The orc warrior closely misses you. The orc warrior misses you.
Your lightning spire disappears in a puff of smoke!
The wight closely misses you.
There is an open door here.
Casting: Summon Lightning Spire (quite dangerous; 16% risk of failure)
Confirm with . or Enter, or press ? or * to list all spells.
The spell is quite dangerous to cast (16% risk of failure)!
Continue anyway?
You miscast Summon Lightning Spire.
You are very lightly contaminated with residual magic.
Nothing appears to happen.
The wight barely misses you.
Casting: Summon Lightning Spire (quite dangerous; 16% risk of failure)
Confirm with . or Enter, or press ? or * to list all spells.
The spell is quite dangerous to cast (16% risk of failure)!
Continue anyway?
An electric hum fills the air.
The wight hits you with a +0 falchion!
Your lightning spire shoots out a bolt of lightning at the wight!
The bolt of electricity hits the wight!
Your lightning spire shoots out a bolt of lightning at the wight!
The bolt of electricity hits the wight!
Casting: Summon Lightning Spire (quite dangerous; 16% risk of failure)
Confirm with . or Enter, or press ? or * to list all spells.
Aiming: Shock (safe; 1% risk of failure)
Press: ? - help, Shift-Dir - straight line, f - wight
Aim: a wight, wielding a +0 falchion, wearing a +0 scale mail and wearing a +0 kite shield (almost destroyed, ally target, 81% to hit)
The zap hits the wight but does no damage.
The wight is almost destroyed.
Your lightning spire shoots out a bolt of lightning at the wight!
The bolt of electricity hits the wight.
The wight is destroyed!
Sif Muna accepts your kill.
Your magical contamination has completely faded away.
The orc warrior hits you with a +0 long sword!!
The wight hits you with a +0 long sword.
* * * LOW HITPOINT WARNING * * *
You feel drained.
* * * LOW HITPOINT WARNING * * *
Things that are here:
a +0 falchion; a +0 scale mail; a +0 kite shield The orc warrior hits you with a +0 long sword!
You die...

......# #....#....##..##.......
......#####....#........#........
............<..#........'...###..
...............#....##..##..#)#..
...............#....#####...###..
...........##'##...8.# #>.......
...........#.........# #........
...........#..##....##**#........
...........#..##@z..#,,,.########
...........#^.##.o..#,,..*
...........#+###.)..#,,,,*
...........#..#.....#,,,,*
...........#..+.....#>,,,*
##.....<...#..##....#,,,,*
#.........#..##....#,,,,*
#.........#...[....#,,,,*
#.......).#........#,,,,*


You could see an orc warrior (ally target), a wight and a friendly lightning
spire (summoned).

Vanquished Creatures
  Eustachio (D:5)
  A water moccasin (D:5)
  2 ogres (D:5)
  A phantom (D:5)
  A kobold brigand (Sewer)
  3 scorpions (D:5)
  A hound (D:5)
  An orc priest (D:5)
  Ijyb (D:5)
  An iguana (D:6)
  An orc wizard (D:3)
  4 gnolls (D:5)
  2 river rats (Sewer)
  5 adders
  A howler monkey skeleton (D:5)
  A shadow imp (D:5)
  2 ufetubi
  2 worms
  3 dart slugs
  6 orcs
  4 ball pythons
  8 endoplasms
  8 giant cockroaches
  6 goblins
  4 hobgoblins
  11 jackals
  7 quokkas
  6 bats
  2 frilled lizards (D:1)
  11 kobolds
  6 rats
113 creatures vanquished.

Vanquished Creatures (collateral kills)
  An orc warrior (D:6)
  2 wights (D:6)
  A gnoll shaman (D:6)
  A gnoll (D:6)
5 creatures vanquished.

Grand Total: 118 creatures vanquished

Notes
Turn   | Place    | Note
-------+----------+-------------------------------------------
     0 | D:1      | Eryximachus the Tengu Air Elementalist began the quest for
                  | the Orb.
     0 | D:1      | Reached XP level 1. HP: 10/10 MP: 4/4
   201 | D:1      | Reached XP level 2. HP: 15/15 MP: 3/6
   217 | D:1      | Learned a level 2 spell: Static Discharge
  1043 | D:1      | Reached XP level 3. HP: 19/19 MP: 4/7
  2077 | D:2      | Found a faded altar of an unknown god.
  2525 | D:2      | Reached skill level 5 in Air Magic
  3109 | D:2      | Found a blossoming altar of Fedhas.
  3139 | D:2      | Reached XP level 4. HP: 23/24 MP: 2/8
  4794 | D:3      | Found a bloodstained altar of Trog.
  4868 | D:4      | Noticed Sigmund
  5262 | D:3      | Reached skill level 6 in Air Magic
  5262 | D:3      | Gained mutation: Your magical nature lets you fly swiftly
                  | and evasively. [Tengu growth]
  5262 | D:3      | Reached XP level 5. HP: 5/28 MP: 3/9
  5770 | D:4      | Identified the Papyrus of Feathery Unholy Secrets
  5838 | D:5      | Entered Level 5 of the Dungeon
  5974 | D:5      | Reached skill level 7 in Air Magic
  5974 | D:5      | Reached XP level 6. HP: 28/32 MP: 5/10
  5979 | D:5      | Learned a level 4 spell: Airstrike
  7210 | D:5      | Reached skill level 8 in Air Magic
  7210 | D:5      | Reached XP level 7. HP: 25/36 MP: 0/11
  7516 | D:5      | Reached skill level 5 in Dodging
  7971 | D:5      | Noticed Ijyb
  7978 | D:5      | Killed Ijyb
  8172 | D:5      | Found a shimmering altar of Xom.
  8457 | D:5      | Noticed Eustachio
  8466 | D:5      | Killed Eustachio
  8467 | D:5      | Reached skill level 9 in Air Magic
  8467 | D:5      | Reached XP level 8. HP: 23/41 MP: 4/14
  8898 | D:4      | Found an iron altar of Okawaru.
  8903 | D:4      | Found a sacrificial altar of Ru.
  8907 | D:4      | Found a radiant altar of Vehumet.
  9475 | D:6      | Found a glowing drain.
  9497 | Sewer    | Entered a sewer
  9950 | Sewer    | Reached skill level 5 in Conjurations
 10142 | Sewer    | Found a glowing silver altar of Zin.
 10338 | D:6      | Learned a level 4 spell: Summon Lightning Spire
 10368 | D:6      | Found a staircase to the Ecumenical Temple.
 10408 | Temple   | Entered the Ecumenical Temple
 10545 | Temple   | Became a worshipper of Sif Muna the Loreminder
 11185 | D:6      | Reached skill level 1 in Summonings
 11185 | D:6      | Reached skill level 10 in Air Magic
 11638 | D:6      | Slain by an orc warrior

Illustrated notes

Levels and vault maps discovered:
D:1:      ncdulo_wetmaze, layout_loops_ring, serial_bayou_crossing
D:2:      layout_basic, hellmonk_ecumenical_altar_dog_temple, basic_altar,
          kennysheep_minor_cross
D:3:      layout_loops_ring, lemuel_tele_altar
D:4:      layout_basic, minmay_overflow_temple_star_quad, serial_corexii_hall,
          chequers_hall_statues_corner_a, corexii_hall_statues_i, uniq_sigmund
D:5:      layout_loops_corners, xom_teletrap_fun, minmay_misc_feat_five,
          uniq_eustachio, uniq_ijyb
D:6:      layout_gridville, nicolae_overflow_hidden_temple,
          minmay_temple_entry_glass, portal_sewer_entry_f, sword_in_stone
Temple:   eino_temple_water

Skill      XL: |  1  2  3  4  5  6  7  8 |
---------------+-------------------------+-----
Conjurations   | 2 4 5 |  5.0
Dodging        | 3 4 5 |  5.0
Air Magic      | 5 6 7 8 9 10 | 10.0
Spellcasting   | 3 4 |  4.0
Summonings     | 1 |  1.5
Stealth        | |  2.0

Action                   |  1- 3 |  4- 6 |  7- 9 || total
-------------------------+-------+-------+-------++-------
Melee: Unarmed           |    15 |    11 |       ||    26
       Kick              |     4 |     3 |     4 ||    11
       Peck              |       |     2 |     2 ||     4
       Staff             |       |     2 |     1 ||     3
       Hand axe          |       |       |     1 ||     1
       Rapier            |       |       |    16 ||    16
Throw: Dart              |       |    15 |    18 ||    33
 Cast: Shock             |    79 |    79 |    49 ||   207
       Static Discharge  |     5 |    30 |    29 ||    64
       Summon Lightning  |       |       |     6 ||     6
  Use: Potion            |     1 |     1 |     1 ||     3
       Scroll            |     1 |       |     1 ||     2
 Stab: Sleeping          |       |       |     1 ||     1
Armor: Robe              |     2 |     3 |     9 ||    14
Dodge: Dodged            |    15 |    28 |    51 ||    94

Table legend: (Time is in decaauts)
 A = Elapsed time spent in this place.
 B = Non-inter-level travel time spent in this place.
 C = Inter-level travel time spent in this place.
 D = Time resting spent in this place.
 E = Time spent auto-exploring this place.
 F = Levels seen in this place.
 G = Mean time per level.
                   A        B        C        D        E       F      G
               +--------+--------+--------+--------+--------+-----+--------+
         Total |  11404 |  11190 |    214 |   5471 |   4358 |   8 | 1425.5 |
       Dungeon |  10380 |  10181 |    199 |   4934 |   3957 |   6 | 1730.0 |
        Temple |    353 |    339 |     14 |      0 |    328 |   1 |  353.0 |
         Sewer |    670 |    670 |      0 |    536 |     72 |   1 |  670.0 |
               +--------+--------+--------+--------+--------+-----+--------+

Top non-repeatable levels by time:
     D:5: 3535 daAuts
     D:2: 2404 daAuts
     D:1: 1472 daAuts
     D:3: 1307 daAuts
     D:4: 970 daAuts
     D:6: 689 daAuts
   Sewer: 670 daAuts
  Temple: 353 daAuts
